 Dungeon Crawl Stone Soup version 0.26.1-11-gd32895ea62 (webtiles) character file.

Game seed: 16626612577949696135

61 MisterFreud the Ducker (level 3, 0/25 HPs)
             Began as a Felid Berserker on June 22, 2021.
             Was a Believer of Trog.
             Succumbed to an adder's poison
             ... on level 2 of the Dungeon.
             The game lasted 00:01:49 (1127 turns).

MisterFreud the Ducker (Felid Berserker)            Turns: 1127, Time: 00:01:49

Health: 0/25       AC:  1    Str: 13    XL:     3   Next: 83%
Magic:  4/4        EV: 19    Int:  8    God:    Trog [**....]
Gold:   34         SH:  0    Dex: 16    Spells: 2/2 levels left
                                        Lives:  0   Deaths: 0

rFire    . . .     SeeInvis +     - Unarmed
rCold    . . .     Faith    +   (shield unavailable)
rNeg     . . .     Spirit   .   (armour unavailable)
rPois    .         Reflect  .   (helmet unavailable)
rElec    .         Harm     .   (cloak unavailable)
rCorr    .         Rampage  .   (gloves unavailable)
Will     .....                  (boots unavailable)
Stlth    ..........             e - amulet of faith
HPRegen  0.08/turn              (no ring)
MPRegen  0.09/turn              (no ring)

@: berserking (expiring), lethally poisoned (0 -> -8), very quick
A: very small, no armour, no weapons or thrown items, stealth, claws 1, fangs 3,
see invisible, speed 1, shaggy fur 1, sharp paws
a: Renounce Religion, Berserk, Trog's Hand


You were on level 2 of the Dungeon.
You worshipped Trog.
Trog was pleased with you.
You visited 1 branch of the dungeon, and saw 2 of its levels.

You collected 34 gold pieces.

Inventory:

Jewellery
 c - an uncursed amulet of reflection
 e - an amulet of faith (around neck)
Scrolls
 f - a scroll of immolation {unknown}
 h - a scroll of remove curse {unknown}
 j - a scroll of fog {unknown}
Potions
 a - 2 potions of curing {unknown}
 b - a potion of haste
 d - a potion of resistance {unknown}
 g - a potion of invisibility {unknown}
 i - a potion of ambrosia {unknown}


   Skills:
 - Level 3.0 Fighting
 - Level 4.0 Dodging
 + Level 3.5 Stealth
 + Level 4.0 Unarmed Combat


You had 2 spell levels left.
You didn't know any spells.
Your spell library was empty.

Dungeon Overview and Level Annotations

Branches:
Dungeon (2/15)

Altars:


Innate Abilities, Weirdness & Mutations

You cannot wear armour.
You are incapable of wielding weapons or throwing items.
Your paws allow you to move quietly. (Stealth)
You have sharp claws.
You have razor-sharp teeth.
You have supernaturally acute eyesight. (SInv)
You cover ground quickly.
You are covered in fur. (AC +1)
Your sharp claws are effective at attacking unaware monsters.


Message History

You barely miss the adder. Your bite misses the adder.
The adder is heavily wounded.
You feel sick. The adder bites you. The adder misses you.
You barely miss the adder.
The adder is heavily wounded.
The adder misses you. The worm bites you.
A red film seems to cover your vision as you go berserk!
You feel yourself moving faster!
You feel mighty!
You feel sick. The adder bites you.
You are lethally poisoned!
The adder poisons you!
You claw the adder!
You kill the adder!
Trog accepts your kill. The worm bites you!
* * * LOW HITPOINT WARNING * * *
Your Unarmed Combat skill increases to level 4!
Unknown command.
You feel a strong urge to attack something.
You die...

.(<........## #....[g.#
##.#....##..# #..$.#..
#(####..##.###....... .
#)#####...........# ..
#....####....#..?.# ...
##.(...###..#......# ..#
#[......##..#.#....# ..
#.......##....#....#.##...
#...............@.........
##.....##...#...8.8w.###..
#.....................#
#.........#.#.8.....8..#
#...........#....<.......
#.......######.......#....
##...!..# ##.....##..##
####### ..


You could see a worm.

Vanquished Creatures
  3 adders (D:2)
  A dart slug (D:1)
  3 giant cockroaches
  5 goblins
  5 hobgoblins
  A ball python (D:1)
  3 bats (D:1)
  4 frilled lizards
  5 kobolds
  3 rats (D:1)
33 creatures vanquished.

Notes
Turn   | Place    | Note
-------+----------+-------------------------------------------
     0 | D:1      | MisterFreud the Felid Berserker began the quest for the
                  | Orb.
     0 | D:1      | Reached XP level 1. HP: 10/10 MP: 2/2
   125 | D:1      | Reached skill level 1 in Stealth
   178 | D:1      | Reached XP level 2. HP: 14/14 MP: 3/3
   554 | D:1      | Reached ** piety under Trog
   887 | D:2      | Reached XP level 3. HP: 15/17 MP: 4/4
  1125 | D:2      | HP: 1/25 [worm (7)]
  1127 | D:2      | Succumbed to an adder's poison

Illustrated notes

Levels and vault maps discovered:
D:1:      scummos_arrival_simple_crosswalls, layout_rooms, serial_corexii_hall,
          corexii_hall_statues_i, chequers_hall_statues_corner_a,
          corexii_hall_statues_x, corexii_hall_statues_l, palyth_stone_intersect
D:2:      layout_rooms, nicolae_overflow_hidden_temple,
          makhleb_heckhound_becter, gammafunk_temple_overflow_pools,
          grunt_ministairs_9

Skill      XL: |  1  2  3 |
---------------+----------+-----
Stealth        | 1 2 3 |  3.5
Unarmed Combat | 4 |  4.0
Fighting       | |  3.0
Dodging        | |  4.0

Action                   || total
-------------------------++-------
Melee: Unarmed           ||    89
       Bite              ||     6
       Punch             ||     2
Invok: Berserk           ||     1
 Stab: Sleeping          ||     7
Armor: Skin              ||     5
Dodge: Dodged            ||    59
Block: Other             ||     8
